Map: [ESL] Cosmic Sapphire

Players

Bly - Winner!

  • Race: Zerg Zerg
  • Spawn Location: 5:00

DnS

  • Race: Protoss Protoss
  • Spawn Location: 11:00

Event: DreamHack SC2 Masters 2022 Atlanta (Online)

VOD

Have the link to the VOD?

Description

Time

  • Played on: Oct. 6, 2022, 1:55 p.m.
  • Length: 12:21

All games in this series

Show
View Real Time Build Order
Export as new Build Order

Bly Zerg - Winner!

Build Orders: Hatch First, Roach Nydus 

Get SALT Encoding   

  12  0:00  Drone  
  13  0:13  Overlord  
  13  0:17  Drone  
  14  0:31  Drone x2  
  16  0:48  Hatchery  
  15  0:51  Drone  
  15  0:55  Drone  
  17  0:57  Drone  
  18  1:08  Extractor  
  17  1:12  Spawning Pool  
  17  1:15  Drone  
  17  1:20  Drone  
  18  1:28  Drone  
  19  1:39  Drone  
  20  1:50  Overlord  
  20  1:59  Queen x2  
  20  2:00  Zergling x2  
  25  2:02  Zergling x2  
  26  2:11  Drone x2  
  26  2:12  Metabolic Boost  
  28  2:24  Drone x2  
  30  2:32  Drone  
  30  2:33  Overlord  
  30  2:35  Queen  
  33  2:45  Drone  
  33  2:52  Overlord  
  33  2:57  Drone  
  33  2:58  Drone  
  35  3:10  Drone x2  
  35  3:11  Drone x2  
  39  3:14  Overlord  
  39  3:19  Lair  
  38  3:22  Queen, Overlord  
  38  3:26  Zergling x4  
  38  3:27  Zergling x2  
  43  3:36  Drone x2  
  45  3:42  Drone x3  
  45  3:48  Zergling x4  
  50  3:49  Zergling x2  
  50  3:50  Drone x2  
  50  3:51  Spore Crawler  
  50  3:52  Spore Crawler  
  51  3:56  Drone  
  51  3:58  Extractor  
  51  3:59  Extractor  
  51  4:01  Roach Warren  
  48  4:13  Drone x3  
  50  4:17  Nydus Network  
  50  4:22  Overlord  
  49  4:27  Overlord  
  48  4:41  Roach  
  48  4:42  Roach x5  
  48  4:44  Zergling x2  
  48  4:45  Zergling x2, Roach  
  64  4:46  Roach  
  64  4:47  Zergling x4  
  68  4:57  Overlord  
  68  4:59  Nydus Canal  
  66  5:10  Roach  
  66  5:11  Roach x2  
  71  5:21  Zergling x8  
  75  5:34  Zergling x4, Queen x2  
  75  5:53  Zergling x8  
  71  5:59  Roach  
  72  6:10  Queen x2  
  74  6:13  Roach x3  
  73  6:20  Ravager x2  
  73  6:23  Nydus Canal  
  78  6:32  Roach  
  78  6:33  Roach x3  
  75  6:43  Roach  
  75  6:44  Roach  
  75  6:45  Queen  
  74  6:55  Hatchery  
  74  6:59  Glial Reconstitution  
  74  7:00  Roach x6  
  83  7:07  Ravager  
  83  7:08  Ravager  
  81  7:16  Roach  
  81  7:22  Roach x2  
  83  7:27  Roach x2  
  83  7:33  Queen x2  
  84  7:40  Roach  
  82  7:46  Roach  
  82  7:57  Roach  
  78  7:59  Roach x3  
  78  8:04  Overlord x2  
  84  8:09  Queen x2  
  82  8:19  Roach x5  
  88  8:24  Roach  
  88  8:27  Nydus Canal  
  88  8:33  Roach  
  90  8:39  Roach  
  87  8:46  Roach x6  
  86  8:58  Roach x2  
  88  9:08  Roach x2  
  84  9:22  Roach x3  
  84  9:28  Roach  
  88  9:38  Roach x3  
  80  9:48  Roach x2  
  82  9:56  Roach x2  
  64  10:18  Roach x5  
  70  10:27  Queen x2, Roach  
  64  10:51  Roach x4  
  72  11:02  Queen  
  74  11:04  Roach  
  74  11:05  Roach  
  76  11:12  Roach x2  
  74  11:31  Ravager  
  74  11:32  Ravager x5  
  80  11:34  Roach x4  
  80  11:39  Nydus Canal  
  86  12:02  Roach x7  
Show
View Real Time Build Order
Export as new Build Order

DnS Protoss 

Build Orders: 1 Gate Expand, Oracle Opening 

Get SALT Encoding   

  12  0:00  Probe  
  13  0:12  Probe  
  14  0:17  Pylon  
  14  0:24  Probe (Chrono Boost)  
  15  0:36  Probe (Chrono Boost)  
  15  0:39  Gateway  
  16  0:45  Probe (Chrono Boost)  
  16  0:46  Assimilator  
  17  0:51  Probe  
  18  1:03  Probe  
  19  1:15  Probe  
  20  1:24  Nexus  
  20  1:34  Cybernetics Core  
  20  1:37  Probe  
  21  1:45  Assimilator  
  21  1:49  Probe  
  21  1:52  Pylon  
  22  2:01  Probe (Chrono Boost)  
  23  2:10  Adept  
  23  2:13  Probe (Chrono Boost)  
  23  2:15  Stargate  
  26  2:18  Probe (Chrono Boost)  
  27  2:23  Warp Gate  
  27  2:27  Probe (Chrono Boost)  
  30  2:37  Probe x2 (Chrono Boost)  
  31  2:45  Probe x2 (Chrono Boost)  
  31  2:46  Stalker  
  34  2:52  Probe  
  34  2:53  Probe  
  36  3:02  Oracle (Chrono Boost)  
  36  3:04  Probe  
  40  3:05  Probe  
  41  3:17  Probe  
  41  3:18  Probe  
  42  3:23  Pylon  
  42  3:29  Probe  
  42  3:30  Probe  
  44  3:41  Probe  
  45  3:42  Oracle (Chrono Boost), Probe  
  49  3:53  Probe  
  49  3:54  Probe  
  51  3:56  Nexus  
  51  3:57  Pylon  
  51  4:00  Assimilator  
  51  4:03  Assimilator  
  51  4:05  Probe  
  51  4:06  Twilight Council  
  51  4:07  Probe  
  53  4:15  Adept  
  55  4:17  Probe  
  55  4:20  Gateway  
  56  4:26  Gateway x2  
  56  4:36  Forge  
  58  4:41  Blink (Chrono Boost)  
  56  4:46  Pylon  
  60  4:52  Void Ray  
  60  4:55  Stalker  
  60  5:00  Probe x2  
  61  5:09  Shield Battery, Photon Cannon  
  59  5:15  Stalker  
  59  5:23  Stalker x3  
  65  5:32  Shield Battery  
  63  5:40  Stalker  
  63  5:42  Probe x2, Pylon  
  65  5:47  Stalker x2  
  65  5:51  Probe  
  65  5:55  Probe  
  60  5:59  Probe  
  60  6:03  Probe  
  62  6:04  Stalker  
  60  6:12  Stalker  
  58  6:23  Stalker  
  55  6:26  Stalker  
  55  6:28  Probe  
  55  6:29  Probe  
  59  6:34  Stalker  
  61  6:43  Probe x2  
  61  6:45  Stalker  
  63  6:48  Shield Battery  
  61  6:58  Probe x2  
  60  7:04  Zealot x2  
  60  7:05  Stalker  
  66  7:14  Pylon  
  66  7:19  Stalker  
  66  7:20  Probe  
  66  7:22  Gateway  
  65  7:25  Probe  
  65  7:27  Probe  
  67  7:32  Probe  
  67  7:34  Stalker x3  
  74  7:37  Probe  
  74  7:39  Probe  
  74  7:42  Pylon  
  74  7:48  Probe  
  74  7:50  Probe  
  66  7:58  Stalker x2  
  65  8:06  Stalker  
  65  8:08  Probe  
  58  8:14  Probe x2  
  58  8:20  Zealot, Probe  
  61  8:32  Stalker  
  61  8:33  Stalker  
  57  8:44  Probe  
  57  8:47  Stalker  
  57  8:48  Stalker  
  55  9:01  Stalker  
  55  9:02  Stalker  
  56  9:08  Probe  
  56  9:09  Probe  
  58  9:16  Stalker  
  60  9:26  Stalker  
  62  9:45  Stalker x3  
  46  10:13  Zealot x4  
  42  10:24  Cybernetics Core  
  37  10:38  Probe x3  
  32  10:50  Probe x2  
  32  10:51  Probe  
  34  11:01  Stalker x2  
  37  11:05  Stalker  
  36  11:16  Probe x2  
  36  11:30  Stalker  
  36  11:32  Stalker  
  38  11:51  Sentry  
  40  11:59  Stalker  
  42  12:01  Probe  
  42  12:02  Pylon  
Tags
 
Add a new tag
Caveats
  • Supply blocks, unpowered buildings, or Contaminate may cause inaccurate times.
  • Supply counts are checked every 10 seconds.